 Dungeon Crawl Stone Soup version 0.31-a0-358-gac0dbeb3ab (webtiles) character file.

Game seed: 1794315773323363434

58 Bnni the Changeling (level 4, 0/29 HPs)
             Began as an Octopode Shapeshifter on July 25, 2023.
             Slain by a gnoll
             ... wielding a +0 club
              (2 damage)
             ... on level 3 of the Dungeon.
             The game lasted 00:01:46 (1940 turns).

Bnni the Changeling (Octopode Shapeshifter)         Turns: 1940, Time: 00:01:47

Health: 0/29       AC:  1    Str: 14    XL:     4   Next: 1%
Magic:  4/4        EV: 13    Int: 10    God:
Gold:   90         SH:  0    Dex: 14    Spells: 3/3 levels left

rFire   . .          .
                       - Unarmed
rCold   . . .        (no shield)
rNeg    . . .        (helmet currently unavailable)
rPois   .            (no amulet)
rElec   .            (no ring)
rCorr   .            (no ring)
SInv    .            (no ring)
Will    .....        (no ring)
Stlth   ++           (no ring)
HPRegen 0.24/turn    (no ring)
MPRegen 0.09/turn    (no ring)
                     (no ring)

%: no passive effects
@: beast-form
A: beast (slay +2), almost no armour, amphibious, 8 rings, camouflage 1,
gelatinous body 1, (nimble swimmer 1), tentacles
a: Begin Untransformation


You were on level 3 of the Dungeon.
You were a hulking beast.
You visited 1 branch of the dungeon, and saw 3 of its levels.

You collected 90 gold pieces.

Inventory:

Jewellery
 i - a ring of willpower
Talismans
 b - a beast talisman
Scrolls
 c - a scroll of amnesia {unknown}
 d - a scroll of poison {unknown}
 e - a scroll of immolation
 j - a scroll of identify {unknown}
 k - 3 scrolls of revelation {unknown}
 l - a scroll of blinking {unknown}
Potions
 a - a potion of lignification
 f - 2 potions of curing {unknown}
 h - a potion of degeneration {unknown}


   Skills:
 + Level 2.0 Fighting
 - Level 2.0 Dodging
 + Level 3.4 Unarmed Combat
 * Level 3.7 Shapeshifting


You had 3 spell levels left.
You didn't know any spells.
Your spell library contained the following spells:

 Spells                   Type           Power      Damage    Failure   Level
 Foxfire                  Conj/Fire      0%         2x1d4     36%         1
 Ensorcelled Hibernation  Hex/Ice        0%         N/A       50%         2
 Anguish                  Hex/Necr       0%         N/A       98%         4
 Plasma Beam              Fire/Air       0%         2x1d10    100%        6
 Starburst                Conj/Fire      0%         6d3       100%        6


Dungeon Overview and Level Annotations

Branches:
Dungeon (3/15)

Altars:


Innate Abilities, Weirdness & Mutations

You are a hulking beast.
Your limbs bulge with bestial killing power. (Slay +2)
You cannot wear most types of armour.
You are amphibious.
You can wear up to eight rings at the same time.
Your skin changes colour to match your surroundings (Stealth+).
Your rubbery body absorbs attacks. (AC +1, EV +1)
((You are camouflaged when in or above water. (Stealth+)))
You have tentacles for arms and can constrict up to eight enemies at once.


Message History

A gnoll comes into view. It is wielding a +0 club.
The gnoll shouts! x2; You hear a shout!
The gnoll shouts!
A kobold comes into view.
It is wielding a +0 short sword and quivering poisoned darts.
Okay, then.
There is an open door here.
There is a fountain of sparkling water here.
There is an open door here.
You see here a +0 ring mail.
The iguana attacks as you move away! The iguana barely misses you.
The iguana attacks as you move away! The iguana barely misses you.
The iguana attacks as you move away! The iguana bites you!
Throw: throwing net
Press: ? - help, Shift-Dir - straight line, f - iguana
Aim: an iguana (63% to hit)
You throw a throwing net.
The throwing net barely misses the iguana.
The iguana bites you.
You are too injured to fight recklessly!
You are too injured to fight recklessly!
You tentacle-slap the iguana but do no damage.
Your grab misses the iguana. The iguana bites you.
* * * LOW HITPOINT WARNING * * *
You tentacle-slap the gnoll but do no damage.
Your grab misses the gnoll. The iguana misses you.
The gnoll hits you with a +0 club.
* * * LOW HITPOINT WARNING * * *
Unknown command.
You tentacle-slap the iguana. Your grab misses the iguana.
The iguana is moderately wounded.
The iguana barely misses you. The gnoll barely misses you.
You tentacle-slap the gnoll. You grab the gnoll. You squeeze the gnoll.
The gnoll is heavily wounded.
You constrict the gnoll, but do no damage.
The iguana closely misses you. The gnoll misses you.
You tentacle-slap the iguana. You grab the iguana.
Your squeeze misses the iguana.
The iguana is moderately wounded.
You constrict the iguana. You constrict the gnoll.
The gnoll hits you with a +0 club.
You die...

####....########
###....g......).
#.......########
####.#..#####
............#
####.#.####.##
#.#.....(.#
....####..########.
##.## #..lh..<....
#. ##.g........ #
#<######### #.# #.#
#.# ###


You could see an iguana and a gnoll.

Vanquished Creatures
  2 adders (D:2)
  A worm (D:1)
  2 dart slugs
  6 ball pythons
  An endoplasm (D:1)
  A giant cockroach (D:2)
  3 goblins
  A hobgoblin (D:2)
  3 jackals (D:2)
  4 kobolds
  2 bats (D:2)
  3 frilled lizards
  2 rats
31 creatures vanquished.

Notes
Turn   | Place    | Note
-------+----------+-------------------------------------------
     0 | D:1      | Bnni the Octopode Shapeshifter began the quest for the Orb.
     0 | D:1      | Reached XP level 1. HP: 13/13 MP: 1/1
   295 | D:1      | Found a faded altar of an unknown god.
   368 | D:1      | Reached XP level 2. HP: 18/18 MP: 2/2
  1151 | D:2      | Reached XP level 3. HP: 22/23 MP: 3/3
  1579 | D:2      | Identified the +0 ring mail of Nesmuud {rF+}
  1863 | D:3      | Reached XP level 4. HP: 28/29 MP: 4/4
  1936 | D:3      | HP: 1/29 [gnoll/+0 club (5)]
  1940 | D:3      | Slain by a gnoll

Illustrated notes

Levels and vault maps discovered:
D:1:      dpeg_arrival_brainrot, layout_basic, serial_co_window_serial,
          co_window_paths_a, co_window_corner_a, co_window_corner_a,
          co_window_corner_a, co_window_of_opportunity_a, co_window_paths_a,
          co_window_unsneaky_path_c, co_window_cross_2,
          co_window_unsneaky_path_e, glass_columns_b, glass_columns_b,
          glass_columns_a, hellmonk_ecumenical_altar_blasted,
          minmay_stone_trees_small
D:2:      layout_loops_ring
D:3:      layout_basic, minmay_fountain_box, nicolae_eternal_life

Skill      XL: |  1  2  3 |
---------------+----------+-----
Fighting       | 2 |  2.0
Dodging        | |  2.0
Unarmed Combat | |  3.4
Shapeshifting  | |  3.7

Action                     |  1- 3 |  4- 6 || total
---------------------------+-------+-------++-------
  Melee: Unarmed           |    52 |     5 ||    57
         Constrict         |    12 |     2 ||    14
         Tentacles         |     7 |     1 ||     8
  Throw: Throwing net      |       |     1 ||     1
   Stab: Sleeping          |     9 |       ||     9
         Distracted        |     1 |       ||     1
 Armour: Skin              |     2 |       ||     2
  Dodge: Dodged            |    22 |     7 ||    29

Table legend: (Time is in decaauts)
 A = Elapsed time spent in this place.
 B = Non-inter-level travel time spent in this place.
 C = Inter-level travel time spent in this place.
 D = Time resting spent in this place.
 E = Time spent auto-exploring this place.
 F = Levels seen in this place.
 G = Mean time per level.
                   A        B        C        D        E       F      G
               +--------+--------+--------+--------+--------+-----+--------+
         Total |   1936 |   1843 |     93 |      0 |   1583 |   3 |  645.3 |
       Dungeon |   1936 |   1843 |     93 |      0 |   1583 |   3 |  645.3 |
               +--------+--------+--------+--------+--------+-----+--------+

Top non-repeatable levels by time:
     D:1: 1109 daAuts
     D:2: 677 daAuts
     D:3: 149 daAuts
